 Dungeon Crawl Stone Soup version 0.27-a0-668-gb5737ff2c0 (webtiles) character file.

Game seed: 11930537663019579858

81 rageheart7 the Cudgeller (level 4, 0/33 HPs)
             Began as a Demonspawn Wanderer on Mar 17, 2021.
             Slain by Terence
             ... wielding a +0 flail
              (2 damage)
             ... on level 2 of the Dungeon.
             The game lasted 00:02:39 (1466 turns).

rageheart7 the Cudgeller (Demonspawn Wanderer)      Turns: 1466, Time: 00:02:39

Health: 0/33       AC:  7    Str: 15    XL:     4   Next: 20%
Magic:  4/4        EV: 10    Int: 12    God:
Gold:   58         SH:  0    Dex: 12    Spells: 3/3 levels left

rFire    . . .     SeeInvis .   a - +2 mace
rCold    + . .     Faith    .   (no shield)
rNeg     . . .     Spirit   .   h - +2 ring mail {rC+}
rPois    .         Reflect  .   (no helmet)
rElec    .         Harm     .   (no cloak)
rCorr    .         Rampage  .   (no gloves)
Will     .....                  (no boots)
Stlth    +.........             (no amulet)
HPRegen  0.11/turn              (no ring)
MPRegen  0.18/turn              (no ring)

@: no status effects
A: demonic guardian 1, magic regeneration, sturdy frame 1
a: no special abilities


You were on level 2 of the Dungeon.
You visited 1 branch of the dungeon, and saw 2 of its levels.

You collected 58 gold pieces.

Inventory:

Hand Weapons
 a - a +2 mace (weapon)
Armour
 h - a +2 ring mail of cold resistance (worn)
 i - a +2 robe of willpower
Scrolls
 b - a scroll of identify {unknown}
 d - a scroll of fear {unknown}
 e - a scroll of enchant weapon {unknown}
 f - 2 scrolls of acquirement {unknown}
 g - a scroll of torment {unknown}
Potions
 c - a potion of attraction


   Skills:
 * Level 1.9 Fighting
 * Level 4.3 Maces & Flails
 - Level 1.0 Crossbows
 - Level 2.6 Armour
 - Level 1.0 Stealth
 - Level 1.0 Evocations


You had 3 spell levels left.
You didn't know any spells.
Your spell library was empty.

Dungeon Overview and Level Annotations

Branches:
Dungeon (2/15)

Altars:

Annotations:
D:2 Terence


Innate Abilities, Weirdness & Mutations

A weak demonic guardian rushes to your aid.
You regenerate magic rapidly.
Your movements are slightly less encumbered by armour. (ER -2)


Message History

You hit Terence but do no damage.
Terence is severely wounded.
Terence hits you but does no damage.
You hit Terence but do no damage.
Terence is severely wounded.
Terence hits you with a +0 flail.
You hit Terence.
Terence is severely wounded.
Terence screams, "I'm going to kill you!"
Terence hits you with a +0 flail!
* * * LOW HITPOINT WARNING * * *
A demonic guardian appears!
You hit Terence but do no damage.
Terence is severely wounded.
Terence barely misses you.
Your quasit bites Terence.
Your quasit barely misses Terence.
Your quasit claws Terence but does no damage.
You see here a frilled lizard corpse.
Your quasit closely misses Terence.
Your quasit claws Terence but does no damage.
Your quasit barely misses Terence.
Your quasit barely misses Terence. x2
Your quasit claws Terence but does no damage.
Terence barely misses you.
You closely miss Terence.
Terence is severely wounded.
Terence hits you with a +0 flail.
* * * LOW HITPOINT WARNING * * *
Your quasit barely misses Terence.
Your quasit claws Terence but does no damage. x2
Your quasit bites Terence but does no damage.
Your quasit claws Terence but does no damage.
Your quasit closely misses Terence.
Your quasit disappears in a puff of smoke!
Okay, then.
Okay, then.
You barely miss Terence.
Terence is severely wounded.
Terence hits you with a +0 flail.
You die...

#.###########.# #.# #.# #.#
#.# ### ##.##### #.# #...?..
#......# #.# #####.#....
#......# #.# #..........
#......# #.#####.###.#..##
#......#######>...............
#......##.........##.###.#<.##
#......##....@@...##.# #†# .#
#......##.........##.# #.# .#
##.######...>.....##.###)# .#
#.# ######.####...†..#..## #.#
#.# #......#.... #.# #.#
#........... #.# #.#
##.###.##### #[# ...
............. #.# ###
###..........


You could see Terence.

Vanquished Creatures
  Jessica (D:2)
  An ooze (D:1)
  A dart slug (D:1)
  A leopard gecko (D:1)
  An orc (D:2)
  8 bats
  A goblin (D:1)
  A hobgoblin (D:1)
  3 jackals (D:2)
  A quokka (D:1)
  4 frilled lizards
  3 kobolds
  10 rats
36 creatures vanquished.

Vanquished Creatures (collateral kills)
  An iguana (D:2)
  A bat (D:2)
  A goblin (D:2)
3 creatures vanquished.

Grand Total: 39 creatures vanquished

Notes
Turn   | Place    | Note
-------+----------+-------------------------------------------
     0 | D:1      | rageheart7 the Demonspawn Wanderer began the quest for the
                  | Orb.
     0 | D:1      | rageheart7 set off with the following items: a +2 mace, a
                  | +0 ring mail, a potion of curing
     0 | D:1      | Reached XP level 1. HP: 15/15 MP: 1/1
   144 | D:1      | Reached skill level 3 in Maces & Flails
   144 | D:1      | Gained mutation: Your movements are slightly less
                  | encumbered by armour. (ER -2) [demonic ancestry]
   144 | D:1      | Reached XP level 2. HP: 21/21 MP: 2/2
   653 | D:1      | Gained mutation: A weak demonic guardian rushes to your
                  | aid. [demonic ancestry]
   653 | D:1      | Reached XP level 3. HP: 25/26 MP: 3/3
   816 | D:2      | HP: 1/26 [iguana (3)]
  1392 | D:2      | Reached skill level 4 in Maces & Flails
  1406 | D:2      | Noticed Jessica
  1419 | D:2      | Killed Jessica
  1420 | D:2      | Gained mutation: You regenerate magic rapidly. [demonic
                  | ancestry]
  1420 | D:2      | Reached XP level 4. HP: 26/33 MP: 4/4
  1437 | D:2      | Noticed Terence
  1456 | D:2      | HP: 1/33 [Terence/+0 flail (4)]
  1466 | D:2      | Slain by Terence

Illustrated notes

Levels and vault maps discovered:
D:1:      dpeg_arrival_lava_temple_mockup, layout_basic, serial_corexii_hall,
          corexii_hall_statues_deadend, chequers_hall_statues_y
D:2:      layout_basic, chequers_ecumenical_altar_simple_redux, uniq_jessica,
          uniq_terence

Skill      XL: |  1  2  3 |
---------------+----------+-----
Maces & Flails | 3 4 |  4.3
Fighting       | |  1.9
Crossbows      | |  1.0
Armour         | |  2.6
Stealth        | |  1.0
Evocations     | |  1.0

Action                   |  1- 3 |  4- 6 || total
-------------------------+-------+-------++-------
Melee: Mace              |    82 |    18 ||   100
  Use: Potion            |     2 |       ||     2
 Stab: Sleeping          |     1 |       ||     1
Armor: Ring mail         |    54 |     8 ||    62
Dodge: Dodged            |    61 |    11 ||    72

Table legend: (Time is in decaauts)
 A = Elapsed time spent in this place.
 B = Non-inter-level travel time spent in this place.
 C = Inter-level travel time spent in this place.
 D = Time resting spent in this place.
 E = Time spent auto-exploring this place.
 F = Levels seen in this place.
 G = Mean time per level.
                   A        B        C        D        E       F      G
               +--------+--------+--------+--------+--------+-----+--------+
         Total |   1488 |   1477 |     11 |    507 |    683 |   2 |  744.0 |
       Dungeon |   1488 |   1477 |     11 |    507 |    683 |   2 |  744.0 |
               +--------+--------+--------+--------+--------+-----+--------+

Top non-repeatable levels by time:
     D:2: 772 daAuts
     D:1: 715 daAuts
